 Dungeon Crawl Stone Soup version 0.19.5 (webtiles) character file.

25949 epen the Covert (level 12, -6/91 HPs)
             Began as a Vampire Enchanter on July 29, 2017.
             Was an Elder of Dithmenos.
             Mangled by a torpor snail (20 damage)
             ... on level 4 of the Lair of Beasts.
             The game lasted 00:45:45 (17728 turns).

epen the Covert (Vampire Enchanter)                Turns: 17728, Time: 00:46:15

Health: -6/91      AC:  0    Str:  7    XL:     12   Next: 94%
Magic:  21/23      EV: 29    Int: 23    God:    Dithmenos [****..]
Gold:   950        SH:  0    Dex: 19    Spells: 5 memorised, 11 levels left

rFire  . . .     SeeInvis +     (weapon currently unavailable)
rCold  + + .     Gourm    .     (armour currently unavailable)
rNeg   + + +     Faith    .     (shield currently unavailable)
rPois  ∞         Spirit   .     (helmet currently unavailable)
rElec  .         Reflect  .     (cloak currently unavailable)
rCorr  .         Harm     .     (gloves currently unavailable)
MR     +....                    (boots currently unavailable)
Stlth  ++++++++++               (no amulet)
                                (ring currently unavailable)
                                (ring currently unavailable)

@: bat-form, flying, bloodless, non-regenerating, slowed, wreathed by umbra,
quick
A: fangs 3, see invisible, (unbreathing)
a: End Transformation, Shadow Step, Renounce Religion


You were on level 4 of the Lair of Beasts.
You worshipped Dithmenos.
Dithmenos was greatly pleased with you.
You were bloodless.
You were in vampire-bat-form.
You visited 3 branches of the dungeon, and saw 18 of its levels.

You collected 1020 gold pieces.
You spent 70 gold pieces at shops.

Inventory:

Hand Weapons
 j - a +1 rapier of speed
 n - a +0 short sword of venom (melded)
 q - a +2 dagger of speed
 r - a +0 dagger of venom
 M - a +0 blowgun
Missiles
 t - 4 throwing nets (quivered)
 K - 8 needles of sleeping
 L - 7 curare-tipped needles
 R - 13 poisoned needles
Armour
 b - a +1 robe
 f - the +0 cloak of the Hare (melded) {MR+ Str+2}
   (You found it on level 5 of the Dungeon)

   It affects your strength (+2).
   It affects your resistance to hostile enchantments.
 y - a +0 pair of boots (melded)
 A - the +2 robe of Kuxic (melded) {Str+2}
   (You found it on level 7 of the Dungeon)

   It affects your strength (+2).
 J - a +2 buckler (melded)
Jewellery
 d - an uncursed ring of see invisible {unknown}
 i - a +5 ring of strength (melded)
 p - a +2 ring of protection (melded)
Wands
 D - a wand of polymorph (8/24)
 E - a wand of digging (24/24)
 I - a wand of digging (9/24)
 N - a wand of acid (10/15)
 Q - a wand of teleportation (5/9)
Scrolls
 e - 6 scrolls of identify
 u - a scroll of fog
 x - 3 scrolls of remove curse
 C - 2 scrolls of fear
 F - 5 scrolls of teleportation
 O - a scroll of blinking
 T - a scroll of amnesia
Potions
 a - 5 potions of curing
 g - 4 potions of invisibility
 h - 2 potions of cancellation
 k - 2 potions of lignification
 l - a potion of brilliance
 m - a potion of might
 o - 2 potions of magic
 s - 3 potions of heal wounds
 v - 5 potions of agility
 w - 2 potions of ambrosia
 z - 3 potions of haste
 G - a potion of beneficial mutation {unknown}
 P - a potion of flight {unknown}
Books
 c - a book of Maledictions

   Spells                             Type                      Level
   a - Corona                         Hexes                        1
   b - Ensorcelled Hibernation        Hexes/Ice                    2
   c - Confuse                        Hexes                        3
   d - Tukima's Dance                 Hexes                        3
   e - Dazzling Spray                 Conjuration/Hexes            3
 B - a book of Debilitation

   Spells                             Type                      Level
   a - Corona                         Hexes                        1
   b - Slow                           Hexes                        2
   c - Gell's Gravitas                Hexes/Translocation          3
   d - Inner Flame                    Hexes/Fire                   3
   e - Cause Fear                     Hexes                        4
   f - Leda's Liquefaction            Hexes/Earth                  4
 H - a book of Battle

   Spells                             Type                      Level
   a - Infusion                       Charms                       1
   b - Shroud of Golubria             Charms/Translocation         2
   c - Song of Slaying                Charms                       2
   d - Spectral Weapon                Hexes/Charms                 3
   e - Regeneration                   Charms/Necromancy            3
Miscellaneous
 S - a box of beasts


   Skills:
 + Level 7.0 Fighting
 * Level 11.9 Short Blades
 + Level 1.8 Throwing
 + Level 9.2 Dodging
 + Level 12.8 Stealth
 - Level 5.9 Shields
 + Level 7.3 Spellcasting
 + Level 12.0 Hexes
 * Level 2.5 Invocations


You had 11 spell levels left.
You knew the following spells:

 Your Spells              Type           Power        Failure   Level  Hunger
b - Ensorcelled Hibernat  Hex/Ice        #####.       1%          2    None
c - Confuse               Hex            ######..     1%          3    None
d - Tukima's Dance        Hex            ######..     1%          3    None
e - Dazzling Spray        Conj/Hex       #####.       1%          3    None
f - Regeneration          Chrm/Necr      #.........   24%         3    None


Dungeon Overview and Level Annotations

Branches:
Dungeon (12/15)            Temple (1/1) D:6            Lair (5/6) D:9
  Swamp (0/4) Lair:2       Spider (0/4) Lair:4
  Slime: Lair:5-6       Orc: D:9-12

Altars:
Ashenzari
Cheibriados
Dithmenos
Elyvilon
Fedhas
Gozag
Hepliaklqana
Kikubaaqudgha
Makhleb
Nemelex Xobeh
Okawaru
Qazlal
Ru
Sif Muna
Trog
Uskayaw
Vehumet
Xom
Yredelemnul
Zin
The Shining One

Shops:
D:9 (   D:11 !

Annotations:
D:5 1 runed door
D:7 1 runed door
Lair:2 1 exclusion
Lair:3 exclusion: oklob plant


Innate Abilities, Weirdness & Mutations

You do not heal naturally.
You are immune to poison.
You have razor-sharp teeth.
You have supernaturally acute eyesight. (SInv)
((You can survive without breathing.))


Message History

The death yak gores you. You block the death yak's attack.
There is a stone staircase leading up here.
The death yak completely misses you. The torpor snail misses you.
You climb upwards.
There is a stone staircase leading down here.
The death yak gores you!!
You turn into a vampire bat.
Your +0 short sword of venom melds into your body.
The +0 cloak of the Hare {MR+ Str+2} melds into your body.
Your +0 pair of boots melds into your body.
Your +2 buckler melds into your body.
The +2 robe of Kuxic {Str+2} melds into your body.
Your +5 ring of strength melds into your body.
Your +2 ring of protection melds into your body.
Your +0 short sword of venom stops dripping with poison.
You feel weaker. The death yak gores you!!
* * * LOW HITPOINT WARNING * * *
The torpor snail bites you!!
You die...

..P# ###.##.....########P......#
#######.............### ####....#
#####.................###.#.#....
.##........................##....
.......#.P.#......#.......#####P.
.....###.##.......##.##....######
...#..###.##......######.....## #
..###...........w>....)..#....###
.###............bY........#....P#
#.#.......................#.....#
#..........................#.....
#............................#...
..............>..................
.....##.#.........#..##..........
.....###...........##.#.#........
....##.................#.........
.........##......P.......P.......


You could see a death yak and a torpor snail.

Vanquished Creatures
  4 hydras
  A death yak (Lair:5)
  An unseen horror (D:11)
  4 hill giants
  The ghost of PeterLawrence the Basher, a novice MiFi (D:5)
  2 ugly things (D:11)
  A manticore (D:11)
  3 black mambas
  Joseph (D:8)
  4 spiny frogs
  2 rime drakes (D:11)
  4 komodo dragons
  4 jumping spiders (Lair:4)
  A polar bear (Lair:3)
  2 trolls (D:11)
  5 hippogriffs
  A meliai zombie (D:11)
  2 redbacks (Lair:4)
  A spriggan (D:7)
  A wraith (D:10)
  19 yaks
  Sigmund (D:5)
  A wyvern (Lair:1)
  A basilisk (Lair:2)
  Menkaure (D:6)
  A swamp worm (Lair:2)
  7 water moccasins
  5 porcupines
  Duvessa (D:5)
  An orc warrior (D:6)
  An eye of draining (D:11)
  2 black bears (D:7)
  3 ice beasts
  3 sky beasts
  7 ogres
  A phantom (D:10)
  5 wolves (Lair:3)
  3 centaurs
  8 crocodiles
  3 big kobolds
  13 bullfrogs
  A gnoll sergeant (D:3)
  Dowan (D:5)
  3 scorpions
  5 killer bees (D:11)
  12 wights
  A howler monkey (D:4)
  A quasit (D:11)
  2 centaur zombies
  A crimson imp (D:5)
  7 hounds
  7 orc priests
  2 gnoll shamans (D:3)
  3 jellies
  3 orc wizards
  2 centaur skeletons
  5 iguanas
  6 worker ants
  3 hound skeletons
  A howler monkey zombie (D:5)
  A worker ant zombie (D:7)
  23 adders
  47 gnolls
  A howler monkey skeleton (D:8)
  2 shadow imps
  3 oozes
  2 adder skeletons
  An adder zombie (D:5)
  3 worms
  3 dart slugs
  6 leopard geckos
  29 orcs
  11 bats
  10 giant cockroaches
  5 hobgoblins
  21 jackals
  3 quokkas
  A ball python (D:3)
  5 frilled lizards
  6 goblins
  26 kobolds
  6 rats
  A fungus (Lair:1)
  A plant (Lair:2)
415 creatures vanquished.

Vanquished Creatures (collateral kills)
  An orc warrior (D:6)
  3 orcs (D:6)
4 creatures vanquished.

Vanquished Creatures (others)
  A bush (D:3)
  A fungus (Lair:2)
  4 plants
6 creatures vanquished.

Grand Total: 425 creatures vanquished

Notes
Turn   | Place    | Note
-------+----------+-------------------------------------------
     0 | D:1      | epen the Vampire Enchanter began the quest for the Orb.
     0 | D:1      | Reached XP level 1. HP: 13/13 MP: 3/3
   164 | D:1      | Reached XP level 2. HP: 19/19 MP: 5/5
   168 | D:1      | Learned a level 2 spell: Ensorcelled Hibernation
   465 | D:1      | Reached skill level 5 in Hexes
   744 | D:1      | Reached XP level 3. HP: 25/25 MP: 6/6
   749 | D:1      | Learned a level 3 spell: Confuse
   900 | D:2      | Found an iron altar of Okawaru.
  1072 | D:2      | Found a sparkling altar of Nemelex Xobeh.
  1185 | D:2      | Reached skill level 5 in Stealth
  1185 | D:2      | Reached XP level 4. HP: 31/31 MP: 7/7
  1452 | D:3      | Reached skill level 1 in Fighting
  2175 | D:3      | Reached XP level 5. HP: 37/37 MP: 4/8
  2513 | D:3      | Learned a level 3 spell: Tukima's Dance
  2996 | D:3      | Reached XP level 6. HP: 43/43 MP: 0/9
  3891 | D:3      | Reached XP level 7. HP: 50/50 MP: 0/11
  5709 | D:4      | Found a sacrificial altar of Ru.
  5712 | D:4      | Reached XP level 8. HP: 57/57 MP: 12/12
  5718 | D:4      | Reached skill level 5 in Short Blades
  5775 | D:4      | Reached skill level 5 in Dodging
  6058 | D:5      | Entered Level 5 of the Dungeon
  6155 | D:5      | Got a steaming cloak
  6161 | D:5      | Identified the +0 cloak of the Hare {MR+ Str+2} (You found it on level 5 of the Dungeon)
  6299 | D:5      | Noticed Duvessa
  6299 | D:5      | Noticed Dowan
  6391 | D:5      | Noticed Sigmund
  6448 | D:5      | Killed Sigmund
  6777 | D:5      | Killed Duvessa
  6800 | D:5      | Killed Dowan
  6848 | D:5      | Found a runed door.
  6893 | D:5      | Noticed PeterLawrence's ghost (novice MiFi)
  7224 | D:5      | Learned a level 3 spell: Dazzling Spray
  7481 | D:5      | Killed PeterLawrence's ghost
  7481 | D:5      | Reached XP level 9. HP: 16/64 MP: 8/15
  8324 | D:6      | Noticed a hill giant
  8325 | D:6      | Noticed Menkaure
  8337 | D:6      | Killed a hill giant
  8352 | D:6      | Killed Menkaure
  9600 | D:6      | Found a hide-covered altar of Uskayaw.
  9831 | D:6      | Found a staircase to the Ecumenical Temple.
  9846 | Temple   | Entered the Ecumenical Temple
 10044 | Temple   | Became a worshipper of Dithmenos the Shadowed
 10231 | D:7      | Found a bloodstained altar of Trog.
 10232 | D:7      | Found a runed door.
 10243 | D:7      | Reached skill level 10 in Stealth
 10278 | D:7      | Reached XP level 10. HP: 73/73 MP: 1/17
 10379 | D:7      | Got a sheer robe
 10390 | D:7      | Identified the +2 robe of Kuxic {Str+2} (You found it on level 7 of the Dungeon)
 10511 | D:7      | Found a deep blue altar of Sif Muna.
 10682 | D:7      | Reached * piety under Dithmenos
 10689 | D:7      | Reached skill level 5 in Spellcasting
 11539 | D:8      | Noticed Joseph
 11554 | D:8      | Killed Joseph
 11774 | D:9      | Found Wutros's Antique Weapon Shop.
 11888 | D:9      | Reached skill level 5 in Fighting
 11924 | D:9      | Found a staircase to the Lair.
 11946 | D:9      | Identified a scroll of acquirement
 12256 | D:10     | Entered Level 10 of the Dungeon
 12314 | D:10     | Reached ** piety under Dithmenos
 12344 | D:10     | Reached skill level 1 in Shields
 12357 | D:10     | Noticed a hill giant
 12369 | D:10     | Killed a hill giant
 12416 | D:10     | Reached skill level 10 in Hexes
 12526 | D:9      | Noticed a hill giant
 12536 | D:9      | Killed a hill giant
 12536 | D:9      | Reached XP level 11. HP: 80/80 MP: 2/19
 12932 | D:11     | Noticed a cyan ugly thing
 12935 | D:11     | Noticed a red ugly thing
 12950 | D:11     | Killed a brown ugly thing
 12980 | D:11     | Killed a red ugly thing
 13131 | D:11     | Reached skill level 10 in Short Blades
 13165 | D:11     | You fall through a shaft!
 13182 | D:11     | Noticed an unseen horror
 13261 | D:11     | Found Siac's Distillery.
 13270 | D:11     | Bought a potion of heal wounds for 70 gold pieces
 13696 | D:11     | Noticed a hill giant
 13702 | D:11     | Reached *** piety under Dithmenos
 13804 | D:11     | Killed a hill giant
 13896 | D:11     | Killed an unseen horror
 14171 | Lair:1   | Entered Level 1 of the Lair of Beasts
 14311 | Lair:1   | Noticed a six-headed hydra
 14442 | Lair:1   | Noticed a seven-headed hydra
 14451 | Lair:1   | Killed a seven-headed hydra
 14607 | Lair:1   | Killed a six-headed hydra
 14607 | Lair:1   | Reached skill level 5 in Shields
 14695 | Lair:2   | Noticed a five-headed hydra
 15207 | Lair:2   | Killed a five-headed hydra
 15207 | Lair:2   | Reached XP level 12. HP: 89/89 MP: 21/21
 15212 | Lair:2   | Learned a level 3 spell: Regeneration
 15466 | Lair:2   | Noticed a seven-headed hydra
 15484 | Lair:2   | Killed a seven-headed hydra
 16038 | Lair:2   | Reached **** piety under Dithmenos
 16139 | Lair:2   | Found a staircase to the Swamp.
 16338 | Lair:3   | Reached skill level 1 in Invocations
 17214 | Lair:4   | Reached skill level 1 in Throwing
 17229 | Lair:4   | Found a hole to the Spider Nest.
 17716 | Lair:5   | Noticed a death yak
 17716 | Lair:5   | Noticed a death yak
 17721 | Lair:5   | Killed a death yak
 17728 | Lair:4   | Mangled by a torpor snail

Skill      XL: |  1  2  3  4  5  6  7  8  9 10 11 12 |
---------------+-------------------------------------+-----
Hexes          | 5 6 7 8 9 10 11 12 | 12.0
Stealth        | 5 6 7 8 10 11 12 | 12.8
Dodging        | 3 4 6 7 8 9 |  9.2
Fighting       | 1 2 3 4 5 6 7 |  7.0
Short Blades   | 2 4 6 8 9 10 11 | 11.9
Spellcasting   | 3 4 5 6 7 |  7.3
Shields        | 2 5 |  5.9
Invocations    | 2 |  2.5
Throwing       | 1 |  1.8

Action                   |  1- 3 |  4- 6 |  7- 9 | 10-12 || total
-------------------------+-------+-------+-------+-------++-------
Melee: Dagger            |   104 |   182 |   346 |       ||   632
       Bite              |     4 |    21 |    68 |    59 ||   152
       Short sword       |       |       |   185 |   502 ||   687
Throw: Throwing net      |       |       |     1 |       ||     1
 Cast: Ensorcelled Hiber |     4 |     7 |    14 |    90 ||   115
       Confuse           |     1 |    49 |    89 |    79 ||   218
       Dazzling Spray    |       |       |     1 |     1 ||     2
       Tukima's Dance    |       |       |     3 |       ||     3
 Abil: Bat Form          |       |     1 |       |     1 ||     2
       End Transformatio |       |     1 |       |       ||     1
  Use: Potion            |       |     2 |     8 |     4 ||    14
       Scroll            |       |       |     7 |    17 ||    24
 Stab: Sleeping          |    13 |     9 |    20 |   113 ||   155
       Confused          |       |     8 |    39 |    55 ||   102
       Distracted        |       |     1 |     1 |       ||     2
       Held in net/web   |       |       |     1 |       ||     1
Armor: Robe              |    22 |    36 |    62 |    46 ||   166
Dodge: Dodged            |    48 |   104 |   193 |   298 ||   643
Block: Buckler           |       |       |       |   102 ||   102
